AoeStats
← QC FENIX

Arabia

510660735Analyzed
4v4 RM · 1d ago on Oct 2, 2026· 15m 37s· 8 players
Game mode
Random Map
Map size
Large (8 player)
Population
200
Speed
Normal
Resources
Standard
Victory
Conquest
Starting age
Dark Age
Ending age
Imperial Age
RankedLock teamsTeams togetherTeam positionsShared explorationLock speedFull tech treeHidden civsTurbo modeCheats
Victory
Defeat
🇲🇽 Huns · Mexico
632
+15
🇲🇽 Sicilians · Mexico
627
+15
🇲🇽 Khmer · Mexico
609
+16
586
+17
🇲🇽 Britons · Mexico
651
-17
🇧🇷 Wu · Brazil
648
-17
642
-17
🇺🇸 Chinese · United States
505
-12
Karma KoS
0:35 Loom
11:48 Feudal Age
QC FENIX
0:39 Loom
12:28 Feudal Age
13:43 Wheelbarrow
12:58 Double-Bit Axe
12:57 Horse Collar
sinko peso
1:13 Loom
15:02 Feudal Age
[MIAAU] Gatúbelo Palestinian
5:54 Loom
10:42 Loom
12:56 Feudal Age
14:23 Wheelbarrow
La Morte Noire
10:30 Feudal Age
14:19 Castle Age
13:42 Wheelbarrow
14:13 Double-Bit Axe
evairdaniel
13:56 Feudal Age
𝙽𝚞𝚕𝚕_𝟷𝟶𝟷
1:30 Loom
15:16 Feudal Age
liuzi!
Connection lost

Rejoining the realm…

Still unreachable

The connection could not be restored.

Session expired

The server has moved on; the page needs a fresh start.